 Dungeon Crawl Stone Soup version 0.25-a0-346-g140ab784a8 (webtiles) character file.

Game seed: 2098443859480219053, levelgen mode: deterministic

1563 Essalna the Digger (level 8, -6/49 HPs)
             Began as a Gargoyle Earth Elementalist on Dec 31, 2019.
             Was a Follower of Vehumet.
             Shot with a sling bullet by Joseph (20 damage)
             ... on level 7 of the Dungeon.
             The game lasted 00:26:11 (7043 turns).

Essalna the Digger (Gargoyle Earth Elementalist)    Turns: 7043, Time: 00:26:12

Health: -6/49      AC:  0    Str: 13    XL:     8   Next: 89%
Magic:  4/16       EV: 14    Int: 17    God:    Vehumet [*.....]
Gold:   375        SH:  0    Dex: 10    Spells: 9/18 levels left

rFire    . . .     SeeInvis .   (weapon currently unavailable)
rCold    . . .     Gourm    .   (shield currently unavailable)
rNeg     + . .     Faith    .   (armour currently unavailable)
rPois    ∞         Spirit   .   (helmet currently unavailable)
rElec    .         Reflect  .   (cloak currently unavailable)
rCorr    .         Harm     .   (gloves currently unavailable)
MR       .....                  (boots currently unavailable)
Stlth    ++........             (no amulet)
HPRegen  0.16/turn              (ring currently unavailable)
MPRegen  0.15/turn              (ring currently unavailable)

@: pig-form, very quick
A: small, negative energy resistance 1, petrification resistance, rot immunity,
AC +5
a: Renounce Religion


You were on level 7 of the Dungeon.
You worshipped Vehumet.
Vehumet was aware of your devotion.
You were not hungry.
You were a filthy swine.
You visited 2 branches of the dungeon, and saw 8 of its levels.

You collected 375 gold pieces.

Inventory:

Hand Weapons
 a - a +0 dagger (melded)
Missiles
 b - 78 stones (quivered)
Armour
 c - a +0 robe
 j - a +0 pair of boots (melded)
 r - a +1 helmet (melded)
 t - a +0 cloak (melded)
 B - a cursed +0 leather armour (melded)
 C - a +1 leather armour of magic resistance
Jewellery
 n - a ring of fire (melded)
 u - a ring of resist corrosion (melded)
Wands
 y - a wand of clouds (6)
 z - a wand of disintegration (23)
Scrolls
 e - 6 scrolls of teleportation {unknown}
 k - 2 scrolls of fear {unknown}
 m - a scroll of amnesia {unknown}
 o - 2 scrolls of immolation {unknown}
 p - 4 scrolls of enchant armour {unknown}
 q - 5 scrolls of remove curse {unknown}
 s - 4 scrolls of identify {unknown}
 A - a scroll of blinking {unknown}
 D - a scroll of magic mapping {unknown}
Potions
 f - 2 potions of heal wounds {unknown}
 g - a potion of agility {unknown}
 h - 4 potions of curing {unknown}
 i - 2 potions of lignification {unknown}
 l - a potion of resistance {unknown}
 v - 2 potions of flight {unknown}
 w - a potion of brilliance {unknown}
 x - a potion of invisibility {unknown}
Comestibles
 d - 6 rations


   Skills:
 * Level 5.1 Fighting
 + Level 1.2 Armour
 - Level 1.5 Dodging
 - Level 2.1 Stealth
 + Level 5.7 Spellcasting
 + Level 4.9 Conjurations
   Level 0.7 Transmutations
 + Level 7.9 Earth Magic


You had 9 spell levels left.
You knew the following spells:

 Your Spells              Type           Power        Failure   Level  Hunger
a - Sandblast             Erth           ####..       1%          1    None
b - Stone Arrow           Conj/Erth      ####..       2%          3    ##.....
c - Lee's Rapid Deconstr  Erth           ####......   14%         5    ######.

Your spell library contained the following spells:

 Spells                   Type           Power        Failure   Level  Hunger
 Shock                    Conj/Air       ##..         4%          1    None
 Passwall                 Tmut/Erth      ###.....     3%          2    #......
 Beastly Appendage        Tmut           #.....       10%         1    None
 Sticks to Snakes         Tmut           #.......     16%         2    #......
 Petrify                  Tmut/Erth      ###.....     22%         4    ####...
 Spider Form              Tmut/Pois      #.........   34%         3    ##.....
 Ice Form                 Ice/Tmut       #.......     75%         4    ####...
 Blade Hands              Tmut           #.........   95%         5    ######.


Dungeon Overview and Level Annotations

Branches:
Dungeon (7/15)             Temple (1/1) D:6

Altars:
Cheibriados
Dithmenos
Elyvilon
Fedhas
Gozag
Hepliaklqana
Kikubaaqudgha
Makhleb
Okawaru
Qazlal
Sif Muna
Trog
Vehumet
Wu Jian
Xom
Zin
The Shining One

Annotations:
D:3 Robin
D:7 Joseph


Innate Abilities, Weirdness & Mutations

You are resistant to torment.
((Your stone body is resilient. (AC +5)))
You are immune to poison.
You resist negative energy. (rN+)
((You are resistant to electric shocks. (rElec)))
((You can survive without breathing.))
You are immune to petrification.
You are immune to rotting.


Message History

Confirm with . or Enter, or press ? or * to list all spells.
Aiming: Sandblast (safe; 1% risk of failure)
Press: ? - help, Shift-Dir - straight line, f/p - Joseph
Aim: Joseph, wielding a +0 hunting sling, wearing a +0 scale mail, quivering 8 sling bullets and carrying a wand of polymorph (8) (severely wounded)
The blast of sand hits Joseph!
Joseph is almost dead.
b - 78 stones Joseph zaps a wand.
You turn into a filthy swine.
Your +0 dagger melds into your body.
Your +0 cloak melds into your body.
Your +1 helmet melds into your body.
Your +0 pair of boots melds into your body.
Your cursed +0 leather armour melds into your body.
Your ring of fire melds into your body.
Your ring of resist corrosion melds into your body.
You can't do that in your present form.
Okay, then.
Unknown command.
Joseph is too close now for your liking.
Joseph shoots a sling bullet.
The sling bullet hits you!!
You die...

#)###.#.# #.# #...#
#####.############
..................
##########.######
###### #.
##.##.#.####....##
##.##...##.###.....#.#
..#...8.(.#.......####
#..#...#..#h....#.#
...#..8..#....#.####
#..#....@..#..#.#.#
####.##.##.########
###...### ##@ .. .# .#


You could see Joseph.

Vanquished Creatures
  Menkaure (D:5)
  An ice beast (D:6)
  2 sky beasts (D:5)
  2 orc warriors
  A phantom (D:6)
  2 ogres
  A centaur (D:5)
  A scorpion (D:4)
  A crimson imp (D:6)
  2 jellies (D:6)
  2 centaur skeletons
  2 hounds (D:5)
  An orc priest (D:6)
  Natasha (twice) (D:2)
  An iguana (D:6)
  3 worker ants
  A hound skeleton (D:6)
  7 adders
  3 shadow imps (D:5)
  2 oozes
  An adder skeleton (D:4)
  An adder zombie (D:6)
  4 worms
  2 dart slugs (D:3)
  7 leopard geckos
  5 orcs
  2 ball pythons
  9 bats
  7 giant cockroaches
  8 goblins
  12 hobgoblins
  8 jackals
  4 quokkas
  6 frilled lizards
  A jackal zombie (D:6)
  8 kobolds
  A leopard gecko skeleton (D:5)
  10 rats
134 creatures vanquished.

Vanquished Creatures (others)
  A hound (D:6)
  A leopard gecko (D:6)
2 creatures vanquished.

Grand Total: 136 creatures vanquished

Notes
Turn   | Place    | Note
-------+----------+-------------------------------------------
     0 | D:1      | Essalna the Gargoyle Earth Elementalist began the quest for
                  | the Orb.
     0 | D:1      | Reached XP level 1. HP: 10/10 MP: 3/3
    86 | D:1      | Reached skill level 4 in Earth Magic
    86 | D:1      | Reached XP level 2. HP: 14/15 MP: 1/5
   259 | D:1      | Reached XP level 3. HP: 10/19 MP: 2/6
   923 | D:2      | Noticed Natasha
   953 | D:2      | Learned a level 3 spell: Stone Arrow
   961 | D:2      | Found a faded altar of an unknown god.
  1529 | D:2      | Noticed an ogre
  1535 | D:2      | Killed an ogre
  1535 | D:2      | Reached skill level 5 in Earth Magic
  1535 | D:2      | Reached XP level 4. HP: 24/24 MP: 3/9
  1535 | D:2      | Reached XP level 5. HP: 28/28 MP: 3/10
  1722 | D:2      | Killed Natasha
  2037 | D:2      | Noticed Natasha
  2043 | D:2      | Killed Natasha
  2043 | D:2      | Reached skill level 1 in Fighting
  2043 | D:2      | Reached skill level 1 in Conjurations
  2832 | D:3      | Reached XP level 6. HP: 18/34 MP: 2/11
  3085 | D:3      | Noticed Robin
  3828 | D:4      | Reached skill level 6 in Earth Magic
  4047 | D:4      | Reached XP level 7. HP: 24/40 MP: 0/13
  4490 | D:5      | Entered Level 5 of the Dungeon
  4720 | D:5      | Noticed Menkaure
  4726 | D:5      | Killed Menkaure
  5237 | D:5      | Reached skill level 5 in Spellcasting
  5237 | D:5      | Reached skill level 7 in Earth Magic
  5237 | D:5      | Reached XP level 8. HP: 48/48 MP: 1/15
  5595 | D:6      | Found a staircase to the Ecumenical Temple.
  5604 | Temple   | Entered the Ecumenical Temple
  5665 | Temple   | Became a worshipper of Vehumet
  6255 | D:6      | Found a shimmering altar of Xom.
  6376 | D:6      | Learned a level 5 spell: Lee's Rapid Deconstruction
  6650 | D:6      | Reached * piety under Vehumet
  6650 | D:6      | Offered knowledge of Shock by Vehumet.
  6650 | D:6      | Reached skill level 5 in Fighting
  6650 | D:6      | Reached skill level 1 in Armour
  7024 | D:7      | Noticed Joseph
  7043 | D:7      | Shot with a sling bullet by Joseph

Levels and vault maps discovered:
D:1:      roderic_crop_circles_arrival_small, layout_loops_ring
D:2:      layout_rooms, chequers_ecumenical_altar_simple, serial_forest,
          infiniplex_forest_straight_2, infiniplex_forest_lined_2,
          infiniplex_forest_lined_3, infiniplex_forest_join,
          infiniplex_forest_clump_small, infiniplex_forest_clump_curved,
          infiniplex_forest_clump_double, infiniplex_forest_zigzag_1,
          uniq_natasha
D:3:      layout_loops_ring, first_ration, st_stairs_9,
          minmay_misc_feat_columns, fountainhead, minmay_ruptured, uniq_robin
D:4:      layout_cave_pools
D:5:      layout_basic, uniq_menkaure
D:6:      layout_rooms, xom_confusion_cloud, minmay_temple_entry_overgrown,
          nrook_uturn
D:7:      wad_crossroads, layout_basic, eino_tiny_chamber, uniq_duvessa,
          uniq_joseph
Temple:   nicolae_temple_the_god_donut

Skill      XL: |  1  2  3  4  5  6  7  8 |
---------------+-------------------------+-----
Earth Magic    | 4 5 6 7 |  7.9
Spellcasting   | 3 4 5 |  5.7
Fighting       | 1 2 3 5 |  5.1
Conjurations   | 1 2 3 4 |  4.9
Armour         | 1 |  1.2
Dodging        | |  1.5
Stealth        | |  2.1
Transmutations | |  0.7

Action                   |  1- 3 |  4- 6 |  7- 9 || total
-------------------------+-------+-------+-------++-------
Melee: Dagger            |    57 |   204 |    60 ||   321
       Unarmed           |     1 |       |       ||     1
 Cast: Sandblast         |    30 |    11 |    56 ||    97
       Stone Arrow       |    10 |    34 |    59 ||   103
 Stab: Sleeping          |     3 |     1 |       ||     4
  Eat: Chunk             |     3 |    11 |    11 ||    25
       Ration            |       |       |     1 ||     1
Armor: Robe              |    37 |    83 |    33 ||   153
       Leather armour    |       |       |     3 ||     3
Dodge: Dodged            |    86 |   124 |    67 ||   277

Table legend:
 A = Non-vault XP
 B = Vault XP
 C = Vault XP percentage of total XP
 D = Non-vault monster count
 E = Vault monster count
 F = Vault count percentage of total count
                 A         B        C        D         E       F
            +---------+---------+-------+---------+---------+-------
      Total |    1764 |     470 |  21.0 |     115 |      19 |  14.2
            +---------+---------+-------+---------+---------+-------
        D:1 |      52 |       0 |   0.0 |      27 |       0 |   0.0
        D:2 |     204 |      35 |  14.6 |      24 |       1 |   4.0
        D:3 |      60 |      26 |  30.2 |      17 |      12 |  41.4
        D:4 |     296 |       0 |   0.0 |      12 |       0 |   0.0
        D:5 |     568 |     157 |  21.7 |      15 |       1 |   6.2
        D:6 |     450 |     252 |  35.9 |      16 |       5 |  23.8
        D:7 |     131 |       0 |   0.0 |       3 |       0 |   0.0
     Temple |       3 |       0 |   0.0 |       1 |       0 |   0.0
            +---------+---------+-------+---------+---------+-------
